 Dungeon Crawl Stone Soup version 0.28-a0-793-g31680bbd8b (webtiles) character file.

Game seed: 15426528785124019061

77 rocky1 the Shield-Bearer (level 4, -2/35 HPs)
             Began as a Djinni Fighter on Nov 5, 2021.
             Slain by Crazy Yiuf (12 damage)
             ... on level 2 of the Dungeon.
             The game lasted 00:05:13 (1727 turns).

rocky1 the Shield-Bearer (Djinni Fighter)           Turns: 1727, Time: 00:05:14

Health: -2/35      AC:  6    Str: 16    XL:     4   Next: 60%
Gold:   87         EV:  9    Int:  9    God:
                   SH:  5    Dex: 13

rFire   + + .      SeeInvis .   a - +0 long sword
rCold   x . .      Faith    .   c - +0 buckler
rNeg    . . .      Spirit   .   b - +0 scale mail
rPois   ∞          Reflect  .   (no helmet)
rElec   .          Harm     .   (no cloak)
rCorr   +          Rampage  .   (no gloves)
Will    .....                   (boots unavailable)
Stlth   ..........              (no amulet)
HPRegen 0.11/turn               g - ring of resist corrosion
MPRegen 0.00/turn               (no ring)

@: flying, very slightly contaminated
A: sickness immunity, fire resistance 2, cold vulnerability 1, float, innate
caster, hp casting, extra vitality 1
a: no special abilities


You were on level 2 of the Dungeon.
You visited 1 branch of the dungeon, and saw 2 of its levels.

You collected 87 gold pieces.

Inventory:

Hand Weapons
 a - a +0 long sword (weapon)
Armour
 b - a +0 scale mail (worn)
 c - a +0 buckler (worn)
Jewellery
 g - a ring of resist corrosion (left hand)
Scrolls
 h - a scroll of noise {unknown}
 i - a scroll of brand weapon {unknown}
 j - a scroll of enchant weapon {unknown}
 k - a scroll of teleportation {unknown}
 l - a scroll of vulnerability {unknown}
 m - 2 scrolls of identify {unknown}
Potions
 d - a potion of might
 e - a potion of invisibility {unknown}
 f - a potion of attraction {unknown}
 n - a potion of curing {unknown}
 o - a potion of mutation {unknown}


   Skills:
 - Level 3.0 Fighting
 + Level 3.2 Long Blades
 - Level 3.0 Armour
 - Level 4.0 Shields


You had 2 spell levels left.
You knew the following spells:

 Your Spells              Type           Power      Damage    Failure   Level
a - Foxfire               Conj/Fire      0%         2x1d4     82%         1
Your spell library was empty.

Dungeon Overview and Level Annotations

Branches:
Dungeon (2/15)

Altars:

Annotations:
D:2 Crazy Yiuf


Innate Abilities, Weirdness & Mutations

You are immune to sickness and miasma.
You are immune to poison.
Your flesh is very heat resistant. (rF++)
You are vulnerable to cold. (rC-)
You float through the air rather than walking.
You learn spells naturally, not from books.
Your magical power is your life essence.
You have superior vitality. (+4 HP)


Message History

No target in view!
You start resting.
HP restored.
Found a pair of runed boots.
Found a short sword.
You see here a +2 pair of boots.
There is a stone staircase leading down here.
Found a stone staircase leading down.
An adder comes into view.
You hit the adder.
The adder is heavily wounded.
The adder bites you.
You closely miss the adder.
The adder is heavily wounded.
The adder bites you. The adder closely misses you.
You hit the adder.
You kill the adder!
No target in view!
No target in view!
You start resting.
HP restored.
Found a mace.
Found a runed translucent door.
Crazy Yiuf twirls on the spot.
You reach down and open the door.
Casting: Foxfire (safe; 82% risk of failure)
Confirm with . or Enter, or press ? or * to list all spells.
You miscast Foxfire.
You are very lightly contaminated with residual magic.
Nothing appears to happen.
Crazy Yiuf barely misses you.
You hit Crazy Yiuf but do no damage. Crazy Yiuf barely misses you.
You hit Crazy Yiuf but do no damage.
Crazy Yiuf hits you with a +4 quarterstaff of chaos.
You are electrocuted!!
Ouch! That really hurt!
* * * LOW HITPOINT WARNING * * *
You closely miss Crazy Yiuf. You block Crazy Yiuf's attack.
Unknown command.
You closely miss Crazy Yiuf.
Crazy Yiuf hits you with a +4 quarterstaff of chaos!
You die...

# ##### ##
#..)# #. #...#
###[ ##### ...
##... #...# #g#
###.... ###.##
♣♣@♣ #.....#
#..## ♣.♣♣
#<...## #.).#
♣♣.♣ ###.....#
#..## ♣.♣♣
#.#...... #...#
♣♣.♣♣ #.......#
##.## ♣...♣♣
####....#.##
#.# ♣....♣
#^..........
#.## #....#
#########.†.
#..####..######
#...


You could see Crazy Yiuf.

Vanquished Creatures
  4 adders
  2 worms (D:2)
  3 dart slugs
  4 ball pythons (D:1)
  3 endoplasms
  2 hobgoblins
  3 quokkas
  3 bats
  2 frilled lizards (D:1)
  2 goblins (D:2)
  7 rats
35 creatures vanquished.

Vanquished Creatures (others)
  2 foxfires (D:2)
  A plant (D:1)
3 creatures vanquished.

Grand Total: 38 creatures vanquished

Notes
Turn   | Place    | Note
-------+----------+-------------------------------------------
     0 | D:1      | rocky1 the Djinni Fighter began the quest for the Orb.
     0 | D:1      | Reached XP level 1. HP: 20/20 MP: 0/0
    53 | D:1      | Found a faded altar of an unknown god.
   216 | D:1      | Reached XP level 2. HP: 25/25 MP: 0/0
   810 | D:1      | Reached XP level 3. HP: 27/30 MP: 0/0
   810 | D:1      | Learned a level 1 spell: Foxfire
  1169 | D:2      | Reached XP level 4. HP: 35/35 MP: 0/0
  1199 | D:2      | Reached skill level 4 in Shields
  1678 | D:2      | Found a runed translucent door.
  1679 | D:2      | Noticed Crazy Yiuf
  1727 | D:2      | Slain by Crazy Yiuf

Illustrated notes

Levels and vault maps discovered:
D:1:      nzn_arrival_settlement, layout_loops_cross,
          dreamdust_ecumenical_altar_grove, st_stairs_1
D:2:      layout_rooms, minmay_pentomino_x2, uniq_crazy_yiuf_cottage

Skill      XL: |  1  2  3  4 |
---------------+-------------+-----
Long Blades    | 2 3 |  3.2
Shields        | 4 |  4.0
Fighting       | |  3.0
Armour         | |  3.0

Action                   |  1- 3 |  4- 6 || total
-------------------------+-------+-------++-------
Melee: Long sword        |    87 |    39 ||   126
 Cast: Foxfire           |     1 |       ||     1
Armor: Scale mail        |    35 |    12 ||    47
Dodge: Dodged            |    39 |    23 ||    62
Block: Buckler           |    13 |     9 ||    22

Table legend: (Time is in decaauts)
 A = Elapsed time spent in this place.
 B = Non-inter-level travel time spent in this place.
 C = Inter-level travel time spent in this place.
 D = Time resting spent in this place.
 E = Time spent auto-exploring this place.
 F = Levels seen in this place.
 G = Mean time per level.
                   A        B        C        D        E       F      G
               +--------+--------+--------+--------+--------+-----+--------+
         Total |   1762 |   1737 |     25 |    310 |   1048 |   2 |  881.0 |
       Dungeon |   1762 |   1737 |     25 |    310 |   1048 |   2 |  881.0 |
               +--------+--------+--------+--------+--------+-----+--------+

Top non-repeatable levels by time:
     D:2: 937 daAuts
     D:1: 824 daAuts
